 Dungeon Crawl Stone Soup version 0.25.1-2-g60ff931df9 (webtiles) character file.

Game seed: 11180827513693238728

11 Atelerd the Insei (level 2, -1/23 HPs)
             Began as a Demigod Transmuter on Aug 4, 2020.
             Slain by a hobgoblin
             ... wielding a +0 club
              (2 damage)
             ... on level 2 of the Dungeon.
             The game lasted 00:01:16 (752 turns).

Atelerd the Insei (Demigod Transmuter)               Turns: 752, Time: 00:01:17

Health: -1/23      AC:  3    Str: 13    XL:     2   Next: 6%
Magic:  5/7        EV: 12    Int: 17    God:
Gold:   0          SH:  0    Dex: 16    Spells: 4/5 levels left

rFire    . . .     SeeInvis .   g - -2 hunting sling (curse)
rCold    . . .     Gourm    .   (no shield)
rNeg     . . .     Faith    .   b - +1 robe
rPois    .         Spirit   .   (no helmet)
rElec    .         Reflect  .   (no cloak)
rCorr    .         Harm     .   (no gloves)
MR       .....                  (boots currently unavailable)
Stlth    +.........             (no amulet)
HPRegen  0.07/turn              (no ring)
MPRegen  0.10/turn              (no ring)

@: appendage, very slightly contaminated
A: talons 3, high mp 1
a: End Transformation


You were on level 2 of the Dungeon.
You were not hungry.
You had grown temporary talons.
You visited 1 branch of the dungeon, and saw 2 of its levels.

Inventory:

Hand Weapons
 g - a cursed -2 hunting sling (weapon)
Missiles
 a - 12 arrows
Armour
 b - a +1 robe (worn)
Potions
 e - a potion of might {unknown}
Comestibles
 c - a chunk of flesh
 d - 2 rations


   Skills:
 * Level 1.5 Fighting
 - Level 1.7 Dodging
 - Level 2.6 Unarmed Combat
 + Level 2.0 Spellcasting
 + Level 2.0 Transmutations


You had 4 spell levels left.
You knew the following spells:

 Your Spells              Type           Power        Failure   Level  Hunger
a - Beastly Appendage     Tmut           #.....       9%          1    #......

Your spell library contained the following spells:

 Spells                   Type           Power        Failure   Level  Hunger
 Sticks to Snakes         Tmut           #.......     13%         2    ###....
 Spider Form              Tmut/Pois      #.........   36%         3    ###....
 Ice Form                 Ice/Tmut       #.......     77%         4    #####..
 Blade Hands              Tmut           #.........   93%         5    ######.


Dungeon Overview and Level Annotations

Branches:
Dungeon (2/15)


Innate Abilities, Weirdness & Mutations

You have an increased reservoir of magic. (+10% MP)
You have claws for feet.


Message History

* * * LOW HITPOINT WARNING * * *
You see here a leather armour.
There is a stone staircase leading down here.
The hobgoblin closely misses you.
You climb downwards.
Found a viscous red potion and 3 gold pieces.
Found a stone staircase leading up.
There is a stone staircase leading up here.
Casting: Beastly Appendage (safe; 9% risk of failure)
Confirm with . or Enter, or press ? or * to list all spells.
You miscast Beastly Appendage.
You are very lightly contaminated with residual magic.
Nothing appears to happen.
The hobgoblin hits you with a +0 club.
* * * LOW HITPOINT WARNING * * *
Casting: Beastly Appendage (safe; 9% risk of failure)
Confirm with . or Enter, or press ? or * to list all spells.
Your feet morph into talons.
You clumsily bash the hobgoblin but do no damage.
The hobgoblin hits you with a +0 club.
You die...

#.# #.# #
#.# #.#.#
.#.## # ...
#.#.####...
#.g@.!$..#
#.#......#
.. #.######
..< #.. ...
### .. #


You could see a hobgoblin.

Vanquished Creatures
  A leopard gecko (D:1)
  A goblin (D:1)
  4 jackals (D:1)
  A frilled lizard (D:1)
  3 rats (D:1)
10 creatures vanquished.

Notes
Turn   | Place    | Note
-------+----------+-------------------------------------------
     0 | D:1      | Atelerd the Demigod Transmuter began the quest for the Orb.
     0 | D:1      | Reached XP level 1. HP: 15/15 MP: 5/5
    16 | D:1      | Reached skill level 1 in Fighting
   437 | D:1      | Reached XP level 2. HP: 16/23 MP: 7/7
   714 | D:1      | HP: 1/23 [hobgoblin/+0 club (4)]
   750 | D:2      | HP: 1/23 [hobgoblin/+0 club (3)]
   752 | D:2      | Slain by a hobgoblin

Illustrated notes

Levels and vault maps discovered:
D:1:      dpeg_arrival_windows_large_door, layout_loops_ring
D:2:      layout_basic

Skill      XL: |  1 |
---------------+----+-----
Fighting       | 1 |  1.5
Transmutations | 2 |  2.0
Spellcasting   | 2 |  2.0
Dodging        | |  1.7
Unarmed Combat | |  2.6

Action                   || total
-------------------------++-------
Melee: Unarmed           ||    29
       Kick              ||     5
       Headbutt          ||     5
       Punch             ||     3
       Hunting sling     ||    20
 Cast: Beastly Appendage ||     5
  Use: Scroll            ||     3
Armor: Robe              ||    12
Dodge: Dodged            ||    41
